 Dungeon Crawl Stone Soup version 0.21.1-1-g345015f (webtiles) character file.

8 tidbits the Grave Robber (level 2, 11/19 HPs)
             Began as a Gnoll Necromancer on June 18, 2018.
             Quit the game on level 3 of the Dungeon.
             The game lasted 00:01:18 (136 turns).

tidbits the Grave Robber (Gnoll Necromancer)         Turns: 136, Time: 00:01:18

Health: 11/19      AC:  2    Str: 10    XL:     2   Next: 8%
Magic:  5/7        EV: 14    Int: 17    God:
Gold:   22         SH:  0    Dex: 15    Spells: 9/10 levels left

rFire    . . .     SeeInvis .   d - +0 club
rCold    . . .     Gourm    .   (no shield)
rNeg     . . .     Faith    .   a - +0 robe
rPois    .         Spirit   .   (no helmet)
rElec    .         Reflect  .   (no cloak)
rCorr    .         Harm     .   (no gloves)
MR       .....                  (no boots)
Stlth    +++.......             (no amulet)
HPRegen  0.06/turn              (no ring)
MPRegen  0.10/turn              (no ring)

@: no status effects
A: distributed training, fangs 1, strong nose
a: no special abilities


You were on level 3 of the Dungeon.
You were not hungry.

You visited 1 branch of the dungeon, and saw 3 of its levels.

You collected 22 gold pieces.

Inventory:

Hand Weapons
 d - a +0 club (weapon)
Armour
 a - a +0 robe (worn)
Scrolls
 e - 2 scrolls of identify {unknown}
Books
 b - a book of Necromancy

   Spells                             Type                      Level
   a - Pain                           Necromancy                   1
   b - Animate Skeleton               Necromancy                   1
   c - Vampiric Draining              Necromancy                   3
   d - Regeneration                   Charms/Necromancy            3
   e - Animate Dead                   Necromancy                   4
   f - Borgnjor's Vile Clutch         Necromancy/Earth             5
Comestibles
 c - a ration


   Skills:
 + Level 0.2 Fighting
 + Level 0.2 Short Blades
 + Level 0.2 Long Blades
 + Level 0.2 Axes
 + Level 0.2 Maces & Flails
 + Level 0.2 Polearms
 + Level 0.2 Staves
 + Level 0.2 Slings
 + Level 0.2 Bows
 + Level 0.2 Crossbows
 + Level 0.2 Throwing
 + Level 0.2 Armour
 + Level 4.4 Dodging
 + Level 4.0 Stealth
 + Level 0.2 Shields
 + Level 0.2 Unarmed Combat
 + Level 4.9 Spellcasting
 + Level 0.1 Conjurations
 + Level 0.1 Hexes
 + Level 0.1 Charms
 + Level 0.1 Summonings
 + Level 7.0 Necromancy
 + Level 0.1 Translocations
 + Level 0.1 Transmutations
 + Level 0.1 Fire Magic
 + Level 0.1 Ice Magic
 + Level 0.1 Air Magic
 + Level 0.1 Earth Magic
 + Level 0.1 Poison Magic
 + Level 0.3 Invocations
 + Level 0.2 Evocations


You had 9 spell levels left.
You knew the following spells:

 Your Spells              Type           Power        Failure   Level  Hunger
a - Pain                  Necr           ####         1%          1    None


Dungeon Overview and Level Annotations

Branches:
Dungeon (3/15)

Altars:
Trog

Annotations:
D:2 Robin


Innate Abilities, Weirdness & Mutations

Your experience applies equally to all skills.
You have very sharp teeth.
Your uncanny sense of smell can sniff out nearby items.


Message History

Confirm with . or Enter, or press ? or * to list all spells.
Aiming: Pain
Press: ? - help, Shift-Dir - straight line, f - hobgoblin
Aim: a hobgoblin, wielding a club (resting, chance to defeat MR: 93%)
The hobgoblin shouts!
The hobgoblin writhes in agony!
Casting: Pain
Confirm with . or Enter, or press ? or * to list all spells.
Aiming: Pain
Press: ? - help, Shift-Dir - straight line, f/p - hobgoblin
Aim: a hobgoblin, wielding a club (lightly wounded, chance to defeat MR: 93%)
The hobgoblin barely resists.
Casting: Pain
Confirm with . or Enter, or press ? or * to list all spells.
Aiming: Pain
Press: ? - help, Shift-Dir - straight line, f/p - hobgoblin
Aim: a hobgoblin, wielding a club (lightly wounded, chance to defeat MR: 93%)
The hobgoblin writhes in agony!
You kill the hobgoblin!
A rat comes into view.
Things that are here:
a club; a hobgoblin corpse
Casting: Pain
Confirm with . or Enter, or press ? or * to list all spells.
Aiming: Pain
Press: ? - help, Shift-Dir - straight line, f - rat
Aim: a rat (hasn't noticed you, chance to defeat MR: 93%)
The rat writhes in agony!
You kill the rat!
d - a club Wield which item (- for none, * to show all)? (? for menu, Esc to quit)
d - a +0 club (weapon)
Found a scroll labeled ZUTIDIG SOBI.
You see here a scroll labeled ZUTIDIG SOBI.
e - a scroll labeled ZUTIDIG SOBI You see here a scroll labeled ZUTIDIG SOBI.
e - 2 scrolls labeled ZUTIDIG SOBI (gained 1)
Found a bloodstained altar of Trog. 2 goblins come into view.
The goblin shouts!
You hear a shout!
The goblin moves out of view.
A goblin comes into view. It is wielding a club.
A goblin comes into view.
It is wielding a dagger. 2 goblins and Robin come into view.
A giant cockroach comes into view.
Unknown command.
Unknown command.
A giant cockroach comes into view.
Found a stone staircase leading down.
Casting: Pain
Confirm with . or Enter, or press ? or * to list all spells.
Aiming: Pain
Press: ? - help, Shift-Dir - straight line, f - giant cockroach
Aim: a giant cockroach (chance to defeat MR: 93%)
The giant cockroach writhes in agony!
Casting: Pain
Confirm with . or Enter, or press ? or * to list all spells.
Aiming: Pain
Press: ? - help, Shift-Dir - straight line, f/p - giant cockroach
Aim: a giant cockroach (heavily wounded, chance to defeat MR: 93%)
The giant cockroach writhes in agony!
You kill the giant cockroach!
You have reached level 2!
Casting: Pain
Confirm with . or Enter, or press ? or * to list all spells.
Aiming: Pain
Press: ? - help, Shift-Dir - straight line, f - giant cockroach
Aim: a giant cockroach (clinging, resting, chance to defeat MR: 93%)
The giant cockroach barely resists.
Casting: Pain
Confirm with . or Enter, or press ? or * to list all spells.
Aiming: Pain
Press: ? - help, Shift-Dir - straight line, f/p - giant cockroach
Aim: a giant cockroach (chance to defeat MR: 93%)
The giant cockroach writhes in agony!
The giant cockroach misses you.
Casting: Pain
Confirm with . or Enter, or press ? or * to list all spells.
Aiming: Pain
Press: ? - help, Shift-Dir - straight line, f/p - giant cockroach
Aim: a giant cockroach (moderately wounded, chance to defeat MR: 93%)
The giant cockroach writhes in agony!
You kill the giant cockroach!
You see here a giant cockroach corpse.
There is a stone staircase leading down here.
You climb downwards.
You hear the sound of rushing water.
There is an entrance to a sewer on this level.
Hurry and find it before the portal rusts away!
There is a stone staircase leading up here.
Found 15 gold pieces.
You see here 15 gold pieces.
You now have 22 gold pieces (gained 15).
You open the door.
Found an escape hatch in the ceiling.
Unknown command.
There is an open door here.
You open the door.
A phantom comes into view.
The phantom blinks!
Found 15 arrows.
Are you sure you want to abandon this character and quit the game? (Confirm with "yes".)

##### #...#
#######...##
....(ยง'..W.#
#####@...#
#...'....#
#.###..<.#
#.# #....#
#.# #...##
#.#######
#......#
######.# #.#


You could see a phantom.

Vanquished Creatures
  2 giant cockroaches (D:2)
  A hobgoblin (D:2)
  2 jackals (D:1)
  A frilled lizard (D:1)
  A rat (D:2)
7 creatures vanquished.

Notes
Turn   | Place    | Note
-------+----------+-------------------------------------------
     0 | D:1      | tidbits the Gnoll Necromancer began the quest for the Orb.
     0 | D:1      | Reached XP level 1. HP: 13/13 MP: 6/6
    55 | D:2      | Found a bloodstained altar of Trog.
    75 | D:2      | Noticed Robin
    90 | D:2      | Reached XP level 2. HP: 12/19 MP: 4/7
   135 | D:3      | Noticed a phantom
   136 | D:3      | Quit the game

Action                   || total
-------------------------++-------
 Cast: Pain              ||    12
Dodge: Dodged            ||     1

Table legend:
 A = Turns spent in this place as a percentage of turns spent in the entire game.
 B = Non-inter-level travel turns spent in this place as a percentage of non-inter-level travel turns spent in the entire game.
 C = Inter-level travel turns spent in this place as a percentage of turns spent in this place.
 D = Turns resting spent in this place as a percentage of non-inter-level travel turns spent in this place.
 E = Turns spent auto-exploring this place as a percentage of non-inter-level travel turns spent in this place.
 F = Non-inter-level travel turns spent in this place divided by the number of levels of this place that you've seen.
                   A       B       C       D       E      F
               +-------+-------+-------+-------+-------+----------------------
         Total | 100.0 | 100.0 |   0.0 |   0.0 |   0.0 |  45.3
       Dungeon | 100.0 | 100.0 |   0.0 |   0.0 |   0.0 |  45.3
               +-------+-------+-------+-------+-------+----------------------

Table legend:
 A = Kills in this place as a percentage of kills in entire the game.
 B = Kills by you in this place as a percentage of kills by you in the entire game.
 C = Kills by friends in this place as a percentage of kills by friends in the entire game.
 D = Other kills in this place as a percentage of other kills in the entire game.
 E = Experience gained in this place as a percentage of experience gained in the entire game.
 F = Experience gained in this place divided by the number of levels of this place that you have seen.
                   A       B       C       D       E      F
               +-------+-------+-------+-------+-------+----------------------
         Total | 100.0 | 100.0 |   N/A |   N/A | 100.0 |   4.0
       Dungeon | 100.0 | 100.0 |   N/A |   N/A | 100.0 |   4.0
               +-------+-------+-------+-------+-------+----------------------

Vault maps used:
D:1:      mrwooster_arrival_statue_2, serial_forest,
          infiniplex_forest_clump_medium, infiniplex_forest_lined_2,
          infiniplex_forest_side_room, infiniplex_forest_straight_1,
          infiniplex_forest_clump_double, infiniplex_forest_end_1
D:2:      lemuel_coloured_pillars_altar, lemuel_round_altar,
          chequers_ecumenical_altar_lobes, uniq_robin, uniq_jessica
D:3:      cheibrodos_sewer_entry_drain, kennysheep_generic_room_12, uniq_sigmund
